 Dungeon Crawl Stone Soup version 0.17.0-7-gfadd4cc (webtiles) character file.

186 HaroldButt the Shield-Bearer (level 5, -4/41 HPs)
             Began as a Formicid Fighter on Nov 8, 2015.
             Slain by Pikel
             ... wielding a +1 whip of electrocution
              (5 damage)
             ... on level 4 of the Dungeon.
             The game lasted 00:09:15 (2906 turns).

HaroldButt the Shield-Bearer (Formicid Fighter)     Turns: 2906, Time: 00:09:15

Health: -4/41      AC: 11    Str: 22    XL:     5   Next: 98%
Magic:  5/5        EV:  5    Int:  8    God:
Gold:   106        SH: 10    Dex: 11    Spells: 0 memorised, 4 levels left

rFire  . . .     SeeInvis +     a - +1 long sword
rCold  . . .     Clarity  .     n - +0 plate armour
rNeg   . . .     SustAt   .     c - +0 shield
rPois  .         Gourm    .     (helmet unavailable)
rElec  .         Spirit   .     (no cloak)
rCorr  .         Warding  .     (no gloves)
rMut   .         Stasis   +     (no boots)
MR     .....                    (no amulet)
Stlth  ..........               (no ring)
                                s - ring of flight

@: not resistant to hostile enchantments, extremely unstealthy
A: permanent stasis, dig shafts and tunnels, four strong arms, antennae 3,
strong 1
a: Dig, Shaft Self, Evoke Flight


You were on level 4 of the Dungeon.
You were hungry.

You visited 1 branch of the dungeon, and saw 4 of its levels.

You collected 106 gold pieces.

Inventory:

Hand Weapons
 a - a +1 long sword (weapon)
Armour
 b - a +0 scale mail
 c - a +0 shield (worn)
 n - a +0 plate armour (worn)
Jewellery
 s - a ring of flight (left hand)
Scrolls
 o - a scroll of recharging
 p - a scroll of enchant weapon
Potions
 d - 2 potions of might
 i - a potion of magic
 j - 3 potions of brilliance {unknown}
 k - a potion of curing {unknown}
 l - a potion of ambrosia {unknown}
Books
 t - a book of the Dragon

   Spells                             Type                      Level
   a - Flame Tongue                   Conjuration/Fire             1
   b - Cause Fear                     Hexes                        4
   c - Bolt of Fire                   Conjuration/Fire             6
   d - Dragon Form                    Transmutation                7
   e - Dragon's Call                  Summoning                    9
Comestibles
 e - 5 bread rations
 f - a meat ration
 g - 2 chunks of flesh
 h - a beef jerky


   Skills:
 - Level 3.2 Fighting
 + Level 4.3 Long Blades
 - Level 3.2 Armour
 + Level 5.6 Shields


You had 4 spell levels left.
You didn't know any spells.

Dungeon Overview and Level Annotations

Branches:
Dungeon (4/15)
 Temple: D:4-7

Altars:
Ashenzari
Dithmenos

Annotations:
D:4 Pikel


Innate Abilities, Weirdness & Mutations

You are under a permanent stasis effect.
You can dig through walls and to a lower floor.
Your four strong arms can wield two-handed weapons with a shield.
You have a pair of large antennae on your head (SInv).
Your muscles are strong. (Str +2)


Message History

Pikel hits you with a whip of electrocution.
You hit Pikel.
Pikel is moderately wounded.
You block Pikel's attack.
Your plate armour prevents you from hitting Pikel.
Pikel is moderately wounded.
You block Pikel's attack.
You hit Pikel.
Pikel is heavily wounded.
Pikel hits you with a whip of electrocution.
* * * LOW HITPOINT WARNING * * *
You are electrocuted!
* * * LOW HITPOINT WARNING * * *
You closely miss Pikel.
Pikel is heavily wounded.
Pikel hits you but does no damage. You block Pikel's attack.
Your shield and plate armour prevent you from hitting Pikel.
Pikel is heavily wounded.
Pikel hits you with a whip of electrocution.
You die... ............. ##......(....# .............# ...........# #........# ...p..# #ppp#

#K# #@##
#..# #..#
##.#####
##.....#
##..#####
##..#..##
##..#....##
###
##..#......#


You could see Pikel and 4 slaves.

Vanquished Creatures
  7 gnolls
  5 adders
  3 worms (D:3)
  A giant gecko (D:3)
  2 orcs
  7 bats
  6 giant cockroaches
  11 hobgoblins
  8 kobolds
  A quokka (D:3)
  6 giant newts
  5 goblins
  7 rats
69 creatures vanquished.

Notes
Turn   | Place    | Note
--------------------------------------------------------------
     0 | D:1      | HaroldButt the Formicid Fighter began the quest for the Orb.
     0 | D:1      | Reached XP level 1. HP: 18/18 MP: 1/1
    89 | D:1      | Reached XP level 2. HP: 21/24 MP: 2/2
   142 | D:1      | Reached skill level 4 in Shields
   504 | D:1      | Reached XP level 3. HP: 29/29 MP: 3/3
  1158 | D:3      | Found a shadowy altar of Dithmenos.
  1243 | D:3      | Reached XP level 4. HP: 14/35 MP: 4/4
  1471 | D:3      | Reached skill level 5 in Shields
  1755 | D:3      | Reached XP level 5. HP: 41/41 MP: 5/5
  2043 | D:3      | Found a shattered altar of Ashenzari.
  2816 | D:4      | Gained mutation: Your muscles are strong. (Str +2) [potion of beneficial mutation]
  2886 | D:4      | Noticed a slave
  2887 | D:4      | Noticed Pikel
  2888 | D:4      | Noticed a slave
  2890 | D:4      | Noticed a slave
  2890 | D:4      | Noticed a slave
  2904 | D:4      | HP: 1/41 [Pikel/whip of electrocution (10)]
  2906 | D:4      | Slain by Pikel

Action                   |  1- 3 |  4- 6 || total
-------------------------+-------+-------++-------
Melee: Long sword        |   125 |   189 ||   314
 Abil: Dig               |       |     3 ||     3
  Use: Scroll            |       |     6 ||     6
       Potion            |       |     1 ||     1
  Eat: Chunk             |     1 |     6 ||     7
